 Seeded DCSS version 0.27-a0-1188-g73eefd5def (webtiles) character file.

Game seed: 16767568107801894396 (custom seed)

15 Shayle the Grasshopper (level 2, -1/23 HPs)
             Began as a Demonspawn Warper on May 20, 2021.
             Slain by a rat (3 damage)
             ... on level 1 of the Dungeon.
             The game lasted 00:01:42 (337 turns).

Shayle the Grasshopper (Demonspawn Warper)           Turns: 337, Time: 00:01:42

Health: -1/23      AC:  3    Str: 11    XL:     2   Next: 34%
Magic:  5/5        EV: 11    Int: 14    God:
Gold:   13         SH:  0    Dex: 12    Spells: 5/5 levels left

rFire    . . .     SeeInvis .   a - +0 falchion
rCold    . . .     Faith    .   (no shield)
rNeg     . . .     Spirit   .   b - +0 leather armour
rPois    .         Reflect  .   (no helmet)
rElec    .         Harm     .   (no cloak)
rCorr    .         Rampage  .   (no gloves)
Will     .....                  (no boots)
Stlth    +.........             (no amulet)
HPRegen  0.07/turn              (no ring)
MPRegen  0.09/turn              (no ring)

@: no status effects
A: powered by death 1
a: no special abilities


You were on level 1 of the Dungeon.
You visited 1 branch of the dungeon, and saw 2 of its levels.

You collected 13 gold pieces.

Inventory:

Hand Weapons
 a - a +0 falchion (weapon)
Missiles
 e - 5 boomerangs of dispersal (quivered)
Armour
 b - a +0 leather armour (worn)


   Skills:
 + Level 2.5 Fighting
 + Level 2.3 Long Blades
 - Level 0.8 Throwing
 - Level 0.8 Armour
 - Level 1.7 Dodging
 - Level 2.0 Spellcasting
 - Level 2.6 Translocations


You had 5 spell levels left.
You didn't know any spells.
Your spell library contained the following spells:

 Spells                   Type           Power      Damage    Failure   Level
 Blink                    Tloc           N/A        N/A       16%         2
 Gell's Gravitas          Tloc           4%         N/A       30%         3
 Lesser Beckoning         Tloc           4%         N/A       30%         3
 Teleport Other           Tloc           8%         N/A       30%         3
 Manifold Assault         Tloc           8%         N/A       96%         5


Dungeon Overview and Level Annotations

Branches:
Dungeon (2/15)

Altars:

Shops:
D:2 (


Innate Abilities, Weirdness & Mutations

You regenerate a little health from kills.


Message History

The rat bites you but does no damage.
The jackal barks!
The rat bites you but does no damage. The rat barely misses you.
You riposte.
You barely miss the rat.
Found a stone staircase leading down.
The jackal bites you. The jackal closely misses you.
A jackal comes into view.
The jackal barely misses you.
You riposte.
You barely miss the jackal.
There is an escape hatch in the ceiling here.
The jackal barely misses you.
You hit the jackal but do no damage. The jackal barely misses you.
The quokka twitches its whiskers.
The jackal misses you.
You riposte.
You hit the jackal.
The jackal is severely wounded.
You closely miss the jackal.
The jackal is severely wounded.
The quokka twitches its whiskers.
The ball python barely misses you.
You riposte.
You barely miss the ball python. The ball python grabs you.
The ball python constricts you.
You escape the ball python's grasp.
The ball python barely misses you. The ball python grabs you.
The ball python constricts you.
The quokka twitches its whiskers.
You escape the ball python's grasp.
The jackal bites you.
You barely miss the jackal. The jackal bites you.
The jackal closely misses you.
You closely miss the jackal. The jackal barely misses you.
You barely miss the jackal. The jackal misses you.
The jackal bites you but does no damage.
You aren't carrying any potions.
Blink to where?
Press: ? - help, Dir - move target
As you read the scroll of blinking, it crumbles to dust.
The worm bites you.
* * * LOW HITPOINT WARNING * * *
The worm closely misses you. The rat barely misses you.
You riposte.
You barely miss the rat. A mysterious force pulls you upwards.
The hatch slams shut behind you. The rat bites you.
You die...

#..## #.... #...#
#...# ###...# .....#
#w..# #...# #.@r#
.........# .........#
h## #.##.....# ..# #
#.......#######..
..(##......#.....
.##.. #.###.#.# h# #
.##.#.$#.##....#
.#.##
#..$(#...#....##....#


You could see a worm and a rat.

Vanquished Creatures
  A dart slug (D:1)
  A giant cockroach (D:1)
  2 hobgoblins (D:1)
  A jackal (D:2)
  A kobold (D:1)
  2 quokkas
  2 ball pythons (D:1)
  A bat (D:1)
11 creatures vanquished.

Notes
Turn   | Place    | Note
-------+----------+-------------------------------------------
     0 | D:1      | Shayle the Demonspawn Warper began the quest for the Orb.
     0 | D:1      | Reached XP level 1. HP: 16/16 MP: 3/3
   226 | D:1      | Gained mutation: You regenerate a little health from kills.
                  | [demonic ancestry]
   226 | D:1      | Reached XP level 2. HP: 19/23 MP: 5/5
   310 | D:2      | Found Xeatox's Weapon Boutique.
   337 | D:1      | Slain by a rat

Illustrated notes

Levels and vault maps discovered:
D:1:      dpeg_arrival_pits, layout_loops_ring, serial_shops, shop,
          minmay_pentomino_w4
D:2:      layout_basic, serial_shops, nicolae_shop_behind_doors, shop,
          shop_statue, shop, nicolae_shop_statue_plus,
          shapermc_ecumenical_altar_totnotflames, uniq_jessica

Skill      XL: |  1 |
---------------+----+-----
Long Blades    | 2 |  2.3
Fighting       | |  2.5
Throwing       | |  0.8
Armour         | |  0.8
Dodging        | |  1.7
Spellcasting   | |  2.0
Translocations | |  2.6

Action                   || total
-------------------------++-------
Melee: Falchion          ||    38
  Use: Scroll            ||     1
Armor: Leather armour    ||    13
Dodge: Dodged            ||    40
       Rpst.: Falchion   ||    13

Table legend: (Time is in decaauts)
 A = Elapsed time spent in this place.
 B = Non-inter-level travel time spent in this place.
 C = Inter-level travel time spent in this place.
 D = Time resting spent in this place.
 E = Time spent auto-exploring this place.
 F = Levels seen in this place.
 G = Mean time per level.
                   A        B        C        D        E       F      G
               +--------+--------+--------+--------+--------+-----+--------+
         Total |    345 |    345 |      0 |    168 |      0 |   2 |  172.5 |
       Dungeon |    345 |    345 |      0 |    168 |      0 |   2 |  172.5 |
               +--------+--------+--------+--------+--------+-----+--------+

Top non-repeatable levels by time:
     D:1: 298 daAuts
     D:2: 47 daAuts
